 Dungeon Crawl Stone Soup version 0.21-a0-476-gd103f4b (webtiles) character file.

93 Laiders the Sneak (level 4, -2/23 HPs)
             Began as a Vine Stalker Assassin on Nov 22, 2017.
             Slain by a wyvern (11 damage)
             ... on level 3 of the Dungeon.
             The game lasted 00:07:18 (2595 turns).

Laiders the Sneak (Vine Stalker Assassin)           Turns: 2595, Time: 00:07:18

Health: -2/23      AC:  7    Str: 14    XL:     4   Next: 62%
Magic:  0/5        EV: 14    Int: 11    God:
Gold:   29         SH:  6    Dex: 21    Spells: 3/3 levels left

rFire    . . .     SeeInvis .   a - +2 dagger
rCold    . . .     Gourm    .   h - +2 buckler
rNeg     . . .     Faith    .   u - +0 ring mail
rPois    .         Spirit   +   (no helmet)
rElec    .         Reflect  .   d - +0 cloak
rCorr    .         Harm     .   m - +0 pair of gloves
MR       .....                  (no boots)
Stlth    ++++......             (no amulet)
HPRegen  0.47/turn              (no ring)
MPRegen  0.09/turn              (no ring)

@: agile, slowed, very slow
A: fangs 2, regeneration 1, magic shield, antimagic bite, no potion heal 3, rot
immunity
a: no special abilities


You were on level 3 of the Dungeon.
You were not hungry.

You visited 1 branch of the dungeon, and saw 3 of its levels.

You collected 29 gold pieces.

Inventory:

Hand Weapons
 a - a +2 dagger (weapon)
 b - a +0 blowgun
Missiles
 e - 27 poisoned needles
 f - 2 curare-tipped needles
 r - 5 tomahawks (quivered)
Armour
 d - a +0 cloak (worn)
 h - a +2 buckler (worn)
 l - a +0 leather armour
 m - a +0 pair of gloves (worn)
 u - a +0 ring mail (worn)
Jewellery
 n - a cursed amulet of inaccuracy {unknown}
 p - an uncursed amulet of regeneration {unknown}
 s - an uncursed amulet of magic regeneration {unknown}
Potions
 i - 2 potions of haste {unknown}
 j - 2 potions of agility
 o - 2 potions of curing {unknown}
Comestibles
 c - 3 chunks of flesh
 g - 2 bread rations
 k - 3 meat rations


   Skills:
 - Level 1.7 Fighting
 - Level 1.7 Short Blades
 - Level 1.7 Throwing
 - Level 0.7 Dodging
 + Level 7.5 Stealth


You had 3 spell levels left.
You didn't know any spells.

Dungeon Overview and Level Annotations

Branches:
Dungeon (3/15)

Altars:
Kikubaaqudgha

Annotations:
D:3 Natasha


Innate Abilities, Weirdness & Mutations

You have extremely sharp teeth.
Your natural rate of healing is unusually fast.
When hurt, damage is shared between your health and your magic reserves.
Your bite disrupts and absorbs the magic of your enemies.
Potions cannot restore your health.
You are immune to rotting.


Message History

You hit the shadow imp but do no damage.
Your bite misses the shadow imp.
The shadow imp is severely wounded.
You block the bat's attack. The shadow imp misses you.
You block the kobold's attack.
You hit the shadow imp but do no damage.
You bite the shadow imp.
The shadow imp's magic leaks into the air.
You drain its magic.
You kill the shadow imp!
The bat closely misses you. Natasha casts a spell at you.
You feel yourself slow down. You block the kobold's attack.
You hit the wyvern.
The wyvern is lightly wounded.
The crimson imp disappears in a puff of smoke!
The wyvern bites you!
Ouch! That really hurt!
The bat hits you but does no damage. The wyvern bites you!
You die...

.............#
.............####
........†......
###...#..##..... #.....#†.#
.h.# #...#...## .##
##....Ko## .. #...#.#lK# .
#.#.#.#@## #.#..b# .h.. #
#.....#### ..... ..
#.......... .....
....####..#.#$.####....!
.......§......## #.....#..
.....##....#######...# #...
(........#.####.....###...#
<....#..##................##.


You could see a wyvern, an orc, a bat and 2 kobolds.

Vanquished Creatures
  4 adders
  2 leopard geckos (D:2)
  An orc (D:3)
  5 giant cockroaches
  12 goblins
  4 hobgoblins
  4 kobolds
  2 quokkas
  8 bats
  2 frilled lizards
  7 rats
51 creatures vanquished.

Notes
Turn   | Place    | Note
-------+----------+-------------------------------------------
     0 | D:1      | Laiders the Vine Stalker Assassin began the quest for the Orb.
     0 | D:1      | Reached XP level 1. HP: 11/11 MP: 2/2
    48 | D:1      | Reached skill level 5 in Stealth
   457 | D:1      | Reached XP level 2. HP: 15/15 MP: 3/3
   878 | D:1      | Reached skill level 6 in Stealth
  1312 | D:2      | Reached XP level 3. HP: 18/18 MP: 4/4
  1883 | D:2      | Gained mutation: Your natural rate of healing is unusually fast. [Vine Stalker growth]
  1883 | D:2      | Reached XP level 4. HP: 22/23 MP: 5/5
  2055 | D:2      | Reached skill level 7 in Stealth
  2172 | D:2      | Found an ancient bone altar of Kikubaaqudgha.
  2525 | D:3      | Noticed Natasha
  2565 | D:3      | Noticed a wyvern
  2595 | D:3      | Slain by a wyvern

Vault maps used:
D:1:      lemuel_arrival_funnel
D:2:      overflow_temple_1_default, st_stairs_11, nrook_uturn
D:3:      portal_sewer_entry_d, led_sif_pool, uniq_natasha, uniq_robin,
          uniq_crazy_yiuf_cottage

Skill      XL: |  1  2  3  4 |
---------------+-------------+-----
Stealth        | 5 6 7 |  7.5
Fighting       | |  1.7
Short Blades   | |  1.7
Throwing       | |  1.7
Dodging        | |  0.7

Action                   |  1- 3 |  4- 6 || total
-------------------------+-------+-------++-------
Melee: Dagger            |    96 |    85 ||   181
       Bite              |    20 |     7 ||    27
       Whip              |     1 |       ||     1
  Use: Scroll            |     4 |     1 ||     5
       Potion            |     1 |     2 ||     3
 Stab: Sleeping          |    12 |     4 ||    16
       Invisible         |     2 |       ||     2
  Eat: Chunk             |     3 |     2 ||     5
Armor: Leather armour    |    22 |       ||    22
       Robe              |     3 |       ||     3
       Ring mail         |    19 |    49 ||    68
Dodge: Dodged            |    62 |    49 ||   111
Block: Buckler           |       |    17 ||    17

Table legend:
 A = Spawn XP
 B = Non-spawn XP
 C = Spawn XP percentage of total XP
 D = Spawn monster count
 E = Non-spawn monster count
 F = Spawn count percentage of total count
 G = Total turns spent on level
                    A         B        C        D         E        F      G
               +---------+---------+-------+---------+---------+-------+---------
         Total |       0 |     134 |   0.0 |       0 |      51 |   0.0 |  2595
               +---------+---------+-------+---------+---------+-------+---------
           D:1 |       0 |      32 |   0.0 |       0 |      19 |   0.0 |  1264
           D:2 |       0 |      78 |   0.0 |       0 |      26 |   0.0 |  1249
           D:3 |       0 |      24 |   0.0 |       0 |       6 |   0.0 |    82
               +---------+---------+-------+---------+---------+-------+---------
